 Dungeon Crawl Stone Soup version 0.30-a0-782-ge64f9170bb (webtiles) character file.

Game seed: 3781450534636810661

38 tilp the Trooper (level 3, -1/33 HPs)
             Began as a Meteoran Fighter on Feb 21, 2023.
             Killed from afar by an orc wizard (6 damage)
             ... with a puff of flame
             ... on level 3 of the Dungeon.
             The game lasted 00:01:45 (430 turns).

tilp the Trooper (Meteoran Fighter)                  Turns: 430, Time: 00:01:45

Health: -1/33      AC:  6    Str: 17    XL:     3   Next: 91%
Magic:  4/4        EV:  9    Int: 10    God:
Gold:   55         SH:  5    Dex: 15    Spells: 2/2 levels left

rFire   . . .      SeeInvis +    a - +0 long sword
rCold   . . .      Faith    .    c - +0 buckler
rNeg    . . .      Spirit   .    b - +0 scale mail
rPois   .          Reflect  .    (no helmet)
rElec   .          Harm     .    (no cloak)
rCorr   .          Rampage  .    (no gloves)
Will    .....                    (no boots) Stlth
                                 (no amulet)
HPRegen 0.25/turn                k - ring of see invisible
MPRegen 0.09/turn                (no ring)

@: glowing
A: sense surroundings 1, otherworldly, glowing, explore regen
a: no special abilities


You were on level 3 of the Dungeon.
You visited 1 branch of the dungeon, and saw 4 of its levels.

You collected 55 gold pieces.

Inventory:

Hand Weapons
 a - a +0 long sword (weapon)
Missiles
 g - 4 atropa-tipped darts (quivered)
 i - 5 stones
Armour
 b - a +0 scale mail (worn)
 c - a +0 buckler (worn)
Jewellery
 k - a ring of see invisible (left hand)
Scrolls
 f - a scroll of identify {unknown}
Potions
 d - a potion of might
 e - a potion of mutation {unknown}
 h - a potion of haste {unknown}
 j - a potion of cancellation {unknown}
 l - a potion of curing {unknown}


   Skills:
 + Level 3.7 Fighting
 * Level 3.6 Long Blades
 - Level 3.6 Armour
 + Level 1.5 Dodging
 - Level 3.6 Shields


You had 2 spell levels left.
You didn't know any spells.
Your spell library was empty.

Dungeon Overview and Level Annotations

Branches:
Dungeon (4/15) Zot: 1953
 Temple: D:4-7

Altars:


Innate Abilities, Weirdness & Mutations

You passively map a small area around you.
You are easily found by Zot.
You glow in the dark.
You regain HP and MP as you explore.


Message History

The orc wizard hits you but does no damage.
The orc hits you but does no damage.
The orc wizard hits you but does no damage.
You block the orc's attack.
You closely miss the orc wizard.
The orc wizard is almost dead.
The orc wizard hits you but does no damage.
The orc hits you with a +0 mace.
You barely miss the orc wizard.
The orc wizard is almost dead.
You block the orc wizard's attack. The orc hits you with a +0 mace.
You closely miss the orc wizard.
The orc wizard is almost dead.
The orc wizard hits you but does no damage.
The orc hits you but does no damage.
You closely miss the orc wizard.
The orc wizard is almost dead.
The orc closely misses you. The orc wizard casts a spell at you.
You resist with some effort. The orc hits you but does no damage.
The orc wizard points at you and mumbles some strange words.
The magic dart hits you.
* * * LOW HITPOINT WARNING * * *
You hit the orc wizard but do no damage.
The orc wizard is almost dead.
The orc wizard gestures at you while chanting.
The magic dart hits you.
* * * LOW HITPOINT WARNING * * *
You block the orc's attack.
You hit the orc wizard.
The orc wizard is almost dead.
The orc wizard gestures at you while chanting.
The puff of flame hits you.
* * * LOW HITPOINT WARNING * * *
The orc barely misses you.
You barely miss the orc wizard.
The orc wizard is almost dead.
The orc wizard gestures at you while chanting.
The puff of flame hits you.
You die...

* *######## ......#
#<...# ** #....# **
#....# ,,
,..#....##########
.......oo@o.....>##
....##.####........#
### , ... #.
#........# #.. ,
..,, #.** #........#
#.# #*, *..,*
#........# #.# ..
#........# #.#
#........# #.# , , *
#........# #.# ,
##..###.## #.#


You could see an orc wizard and 2 orcs.

Vanquished Creatures
  A hound (D:3)
  A bat (D:1)
  An endoplasm (D:3)
  A hobgoblin (D:2)
  2 quokkas
  A frilled lizard (D:1)
  A rat (D:2)
8 creatures vanquished.

Notes
Turn   | Place    | Note
-------+----------+-------------------------------------------
     0 | D:1      | tilp the Meteoran Fighter began the quest for the Orb.
     0 | D:1      | Reached XP level 1. HP: 19/19 MP: 2/2
   224 | D:2      | Reached XP level 2. HP: 23/26 MP: 3/3
   281 | D:3      | Found a faded altar of an unknown god.
   398 | D:3      | Noticed a hound
   412 | D:3      | Killed a hound
   413 | D:3      | Reached skill level 1 in Dodging
   413 | D:3      | Reached XP level 3. HP: 32/33 MP: 4/4
   430 | D:3      | Killed from afar by an orc wizard

Illustrated notes

Levels and vault maps discovered:
D:1:      spicycebolla_arrival_xxxplode, layout_loops_cross, minmay_pentomino_u2
D:2:      layout_basic, chequers_mini_garden, chequers_serial_rivers_small_a,
          nrook_campfire, nicolae_elevator_lobby_asterisk
D:3:      layout_basic, basic_ecumenical_altar, gammafunk_ghost_split
D:4:      old_forge, layout_gridville, nicolae_overflow_crystal_walls

Skill      XL: |  1  2 |
---------------+-------+-----
Long Blades    | 3 |  3.6
Dodging        | 1 |  1.5
Fighting       | |  3.7
Armour         | |  3.6
Shields        | |  3.6

Action                     || total
---------------------------++-------
  Melee: Long sword        ||    55
 Armour: Scale mail        ||    28
  Dodge: Dodged            ||    15
  Block: Buckler           ||    17

Table legend: (Time is in decaauts)
 A = Elapsed time spent in this place.
 B = Non-inter-level travel time spent in this place.
 C = Inter-level travel time spent in this place.
 D = Time resting spent in this place.
 E = Time spent auto-exploring this place.
 F = Levels seen in this place.
 G = Mean time per level.
                   A        B        C        D        E       F      G
               +--------+--------+--------+--------+--------+-----+--------+
         Total |    445 |    404 |     41 |      3 |      0 |   4 |  111.2 |
       Dungeon |    445 |    404 |     41 |      3 |      0 |   4 |  111.2 |
               +--------+--------+--------+--------+--------+-----+--------+

Top non-repeatable levels by time:
     D:3: 157 daAuts
     D:1: 141 daAuts
     D:2: 133 daAuts
     D:4: 12 daAuts
